[Event "Titled Tuesday Blitz February 28 Early 2023"]
[White "Skliarov, Viktor"]
[Black "Goltseva, Ekaterina"]
[WhiteFideId "14106736"]
[BlackFideId "24173770"]
[WhiteElo "2284"]
[BlackElo "2200"]
[Result "1-0"]
[Round "08"]
[TimeControl "180+2"]
[Date "2023.02.28"]
[WhiteClock "0:00:06"]
[BlackClock "0:00:06"]

1. e4 e6 2. d4 d5 3. e5 c5 4. c3 Qa5 5. dxc5 Qc7 6. Nf3 Nc6 7. Bf4 Bxc5 8. b4 Bb6 9. Bd3 Nge7 10. O-O Ng6 11. Bg3 Bd7 12. Re1 a5 13. b5 Nce7 14. h4 h5 15. a4 Qc5 16. Nd4 O-O-O 17. Kh2 Nf5 18. Bxf5 exf5 19. f4 Qe7 20. Nf3 Be6 21. Nbd2 Kb8 22. Nb3 Ka8 23. Nbd4 Rc8 24. Rc1 Rc4 25. Ng5 Rhc8 26. Ne2 f6 27. exf6 gxf6 28. Nxe6 Qxe6 29. Nd4 Qd7 30. Rb1 Rxc3 31. Nf3 R3c4 32. Qd2 Re4 33. Red1 Rd8 34. Rb3 Bc7 35. b6 Qxa4 36. bxc7 Rc8 37. Qxd5 Nxf4 38. Qxb7# 1-0


[Site "https://www.chess.com"]

[Event "Titled Tuesday Blitz February 28 Early 2023"]
[White "Guliev, Logman"]
[Black "Tan, Jun Ying"]
[WhiteFideId "13400061"]
[BlackFideId "5710413"]
[WhiteElo "2161"]
[BlackElo "2089"]
[Result "0-1"]
[Round "08"]
[TimeControl "180+2"]
[Date "2023.02.28"]
[WhiteClock "0:01:23"]
[BlackClock "0:00:55"]

1. e4 c5 2. Nf3 Nc6 3. Bb5 d6 4. Bxc6+ bxc6 5. O-O e5 6. c3 f5 7. exf5 Be7 8. d4 e4 9. Nfd2 d5 10. dxc5 Nf6 11. b4 O-O 12. Nb3 Bxf5 13. Nd4 Bd7 14. a4 Qe8 15. Bf4 Qg6 16. Nd2 Nh5 17. Bg3 Nf4 18. N2b3 h5 19. Qd2 Bg5 20. Qc2 h4 21. Bxf4 Bxf4 22. b5 Bh3 23. g3 hxg3 24. hxg3 Bxg3 25. fxg3 Qxg3+ 26. Kh1 Bxf1 0-1


[Site "https://www.chess.com"]

[Event "Titled Tuesday Blitz February 28 Early 2023"]
[White "Bochnicka, Vladimir"]
[Black "Jakubowski, Krzysztof"]
[WhiteFideId "14943450"]
[BlackFideId "1112848"]
[WhiteElo "2094"]
[BlackElo "2359"]
[Result "0-1"]
[Round "08"]
[TimeControl "180+2"]
[Date "2023.02.28"]
[WhiteClock "0:00:01"]
[BlackClock "0:00:32"]

1. e4 c5 2. Nf3 d6 3. d4 cxd4 4. Nxd4 Nf6 5. Nc3 a6 6. Be3 e6 7. f3 b5 8. Qd2 Nbd7 9. Be2 Bb7 10. O-O Be7 11. a4 b4 12. Na2 d5 13. Nxb4 Qa5 14. c3 Rc8 15. exd5 Nxd5 16. Nxd5 Bxd5 17. b4 Qc7 18. Bxa6 Ra8 19. Bb5 O-O 20. c4 Bb7 21. c5 Nf6 22. Bd3 Nd5 23. Bf2 Rfd8 24. Rfe1 Bf6 25. Nb5 Qf4 26. Rad1 Qxb4 27. Be4 Qxa4 28. Nd6 Bc6 29. Kh1 g6 30. Bg3 Qa3 31. Qf2 Ra5 32. Bh4 Qb2 33. Qg3 Rxc5 34. Bxd5 Rxd5 35. Ne4 Bxh4 36. Qxh4 Rxd1 37. Nf6+ Qxf6 38. Rxd1 0-1


[Site "https://www.chess.com"]

[Event "Titled Tuesday Blitz February 28 Early 2023"]
[White "Sreyas Payyappat"]
[Black "Martynov, Pavel"]
[WhiteFideId "46674969"]
[BlackFideId "4101260"]
[WhiteElo "2083"]
[BlackElo "2314"]
[Result "0-1"]
[Round "08"]
[TimeControl "180+2"]
[Date "2023.02.28"]
[WhiteClock "0:01:53"]
[BlackClock "0:02:27"]

1. e4 c5 2. Nf3 e6 3. d4 cxd4 4. Nxd4 Nc6 5. Nc3 Qc7 6. Be3 a6 7. Bd3 Nf6 8. O-O Ne5 9. h3 h5 10. f4 Nc4 11. Bxc4 Qxc4 12. e5 Nd5 13. Nxd5 Qxd5 14. b3 b5 15. Rc1 Bb7 16. Qe2 Rc8 17. c4 bxc4 18. bxc4 Qe4 19. Bf2 Qxg2# 0-1


[Site "https://www.chess.com"]

[Event "Titled Tuesday Blitz February 28 Early 2023"]
[White "Dinu, Dumitru-Daniel"]
[Black "Poliakova, Varvara"]
[WhiteFideId "1208403"]
[BlackFideId "13518313"]
[WhiteElo "2240"]
[BlackElo "2075"]
[Result "0-1"]
[Round "08"]
[TimeControl "180+2"]
[Date "2023.02.28"]
[WhiteClock "0:00:01"]
[BlackClock "0:00:38"]

1. e4 e5 2. Nf3 Nc6 3. Bb5 a6 4. Ba4 Nf6 5. d3 b5 6. Bb3 d6 7. c3 Be7 8. O-O O-O 9. Re1 Bb7 10. Nbd2 h6 11. Nf1 Re8 12. Ng3 Bf8 13. h3 g6 14. Nh4 d5 15. exd5 Nxd5 16. Qg4 Na5 17. Bxd5 Bxd5 18. Ne4 Bg7 19. Qg3 Nb7 20. Nf5 Bxe4 21. Nxg7 Kxg7 22. Rxe4 Qf6 23. Bd2 Nc5 24. Re3 Rad8 25. Rae1 e4 26. d4 Nd3 27. R1e2 c5 28. Rxe4 Rxe4 29. Rxe4 Nxb2 30. Bf4 Qf5 31. Re2 Nd3 32. Bc7 Rd7 33. Rd2 c4 34. Re2 b4 35. cxb4 Nxb4 36. Be5+ f6 37. Bd6 Nd5 38. Bc5 Qb1+ 39. Kh2 c3 40. Re8 Qb7 41. Qd3 Nf4 42. Qg3 Qc7 43. Rf8 c2 0-1


[Site "https://www.chess.com"]

[Event "Titled Tuesday Blitz February 28 Early 2023"]
[White "Gabdrakhmanov, Azat"]
[Black "Heinemann, Josefine"]
[WhiteFideId "34189197"]
[BlackFideId "12900460"]
[WhiteElo "2315"]
[BlackElo "2342"]
[Result "1-0"]
[Round "08"]
[TimeControl "180+2"]
[Date "2023.02.28"]
[WhiteClock "0:02:08"]
[BlackClock "0:01:07"]

1. e4 e5 2. Nf3 Nc6 3. Bb5 a6 4. Ba4 Nf6 5. O-O Nxe4 6. d4 b5 7. Bb3 d5 8. dxe5 Be6 9. c3 Bc5 10. Nbd2 O-O 11. Bc2 Nxf2 12. Rxf2 f6 13. Nb3 Bxf2+ 14. Kxf2 fxe5 15. Kg1 Qd6 16. Be3 Rad8 17. Bc5 Qd7 18. Bxf8 Rxf8 19. Ng5 Bf5 20. Bxf5 Qxf5 21. Qxd5+ Kh8 22. Nf3 Ne7 23. Qxe5 1-0


[Site "https://www.chess.com"]

[Event "Titled Tuesday Blitz February 28 Early 2023"]
[White "Avazkhonov, Alikhon"]
[Black "Shapiro, Viktor"]
[WhiteFideId "14208504"]
[BlackFideId "4175700"]
[WhiteElo "1739"]
[BlackElo "2132"]
[Result "0-1"]
[Round "08"]
[TimeControl "180+2"]
[Date "2023.02.28"]
[WhiteClock "0:00:01"]
[BlackClock "0:00:28"]

1. d4 Nf6 2. c4 c5 3. d5 e6 4. Nc3 exd5 5. cxd5 d6 6. e4 g6 7. f4 Bg7 8. Bb5+ Nfd7 9. a4 O-O 10. Nf3 a6 11. Be2 Re8 12. O-O Nf6 13. Bd3 Bg4 14. h3 Bxf3 15. Qxf3 Nbd7 16. Kh1 Qc7 17. e5 dxe5 18. f5 c4 19. Bc2 Nc5 20. Bg5 e4 21. Qe3 Nh5 22. Bh4 Be5 23. d6 Bxd6 24. Nd5 Qc6 25. fxg6 fxg6 26. Rad1 Nd3 27. Qd4 Re5 28. Bxd3 exd3 29. Qxe5 Bxe5 30. Ne7+ Kg7 31. Nxc6 bxc6 32. Rc1 c3 33. bxc3 Bg3 34. Be7 Re8 35. Bc5 Bf4 36. Bd4+ Kh6 37. Rb1 Ng3+ 38. Kg1 Nxf1 39. Kxf1 d2 40. Rd1 Kg5 41. Kf2 Kf5 42. g3 Bh6 43. c4 Ke4 44. Bb6 Kd3 0-1


[Site "https://www.chess.com"]

[Event "Titled Tuesday Blitz February 28 Early 2023"]
[White "Andreev, Konstantin"]
[Black "Yaran, Siar"]
[WhiteFideId "24239305"]
[BlackFideId "6323006"]
[WhiteElo "2106"]
[BlackElo "2191"]
[Result "1-0"]
[Round "08"]
[TimeControl "180+2"]
[Date "2023.02.28"]
[WhiteClock "0:01:18"]
[BlackClock "0:00:04"]

1. e4 e5 2. Nf3 Nc6 3. Bc4 Bc5 4. c3 Nf6 5. d4 exd4 6. b4 Bb6 7. e5 Ne4 8. Bd5 Nxc3 9. Nxc3 dxc3 10. Bg5 Ne7 11. O-O O-O 12. Bb3 Qe8 13. Re1 Ng6 14. Qd3 a5 15. h4 Nh8 16. Bc2 g6 17. b5 Qe6 18. Bf6 h6 19. Qxc3 a4 20. Qd2 Kh7 21. Ng5+ hxg5 22. Qxg5 Bxf2+ 23. Kh1 1-0


[Site "https://www.chess.com"]

[Event "Titled Tuesday Blitz February 28 Early 2023"]
[White "Djokovic, Nebojsa"]
[Black "Todorovic, Bojan"]
[WhiteFideId "938300"]
[BlackFideId "917087"]
[WhiteElo "2595"]
[BlackElo "2266"]
[Result "0-1"]
[Round "08"]
[TimeControl "180+2"]
[Date "2023.02.28"]
[WhiteClock "0:00:08"]
[BlackClock "0:00:10"]

1. c4 Nf6 2. Nf3 g6 3. g3 Bg7 4. Bg2 O-O 5. O-O c6 6. e3 d6 7. d4 Qa5 8. Nc3 Qh5 9. Re1 Bg4 10. e4 e5 11. dxe5 dxe5 12. Qd3 Na6 13. Nd2 Nb4 14. Qb1 Rad8 15. Bf1 Bh6 16. a3 Bxd2 17. Bxd2 Rxd2 18. axb4 Bf3 19. h4 Ng4 20. Be2 Bxe2 21. Rxe2 Rfd8 22. Qe1 R2d3 23. Rd1 Nf6 24. Rxd3 Rxd3 25. Rd2 Rd4 26. Qe3 Ng4 27. Qe2 Nf6 28. Qxh5 gxh5 29. Rxd4 exd4 30. Nd1 Nxe4 31. Kf1 Nd2+ 32. Ke2 Nxc4 33. Kd3 Nb6 34. Kxd4 Nd7 35. Ne3 Kg7 36. Ng2 Kf6 37. Nf4 Kf5 38. Nxh5 Kg4 39. Nf4 Kf3 40. Nh3 Kg2 41. Ng5 Kxf2 42. g4 Kg3 43. Nxh7 Kxh4 44. g5 Kh5 45. Ke4 Kg6 46. Nf6 Nxf6+ 47. gxf6 Kxf6 48. Kf4 Ke6 49. Ke4 f5+ 50. Kf4 Kd5 51. Kxf5 Kc4 52. Ke6 Kxb4 53. Kd7 Kb3 54. Kc7 Kxb2 55. Kxb7 c5 56. Kxa7 c4 57. Kb6 c3 0-1


[Site "https://www.chess.com"]

[Event "Titled Tuesday Blitz February 28 Early 2023"]
[White "Pinheiro, Iung Alicio de O."]
[Black "Begunov, Konstantin"]
[WhiteFideId "2104350"]
[BlackFideId "4118510"]
[WhiteElo "2283"]
[BlackElo "2118"]
[Result "0-1"]
[Round "08"]
[TimeControl "180+2"]
[Date "2023.02.28"]
[WhiteClock "0:00:01"]
[BlackClock "0:00:03"]

1. e4 c5 2. Nf3 d6 3. Nc3 a6 4. a3 Nf6 5. e5 dxe5 6. Nxe5 Nbd7 7. d4 cxd4 8. Qxd4 Nxe5 9. Qxe5 e6 10. Bf4 Qb6 11. O-O-O Qxf2 12. Bb5+ Nd7 13. Qc7 axb5 14. Nxb5 Be7 15. Bd6 Qb6 16. Qc4 Bxd6 17. Nxd6+ Ke7 18. Rhf1 f6 19. Qg4 Rg8 20. Qh5 Ne5 21. Qxh7 Bd7 22. Qe4 Bc6 23. Qe2 Rad8 24. Ne4 Bxe4 25. Qxe4 Qc6 26. Qe3 Rxd1+ 27. Rxd1 Rc8 28. Qd2 Kf7 29. Kb1 Rc7 30. Qe2 Rd7 31. Qh5+ Kf8 32. Re1 Qd5 33. Qh8+ Kf7 34. Qh5+ Ke7 35. Qh7 Kd6 36. h4 Kc7 37. Qh5 Nc4 38. Qg6 Qd4 39. c3 Qd2 0-1


[Site "https://www.chess.com"]

[Event "Titled Tuesday Blitz February 28 Early 2023"]
[White "Odegov, Artem"]
[Black "Klepikov, Nikita"]
[WhiteFideId "34183644"]
[BlackFideId "24145220"]
[WhiteElo "2300"]
[BlackElo "2025"]
[Result "1-0"]
[Round "08"]
[TimeControl "180+2"]
[Date "2023.02.28"]
[WhiteClock "0:00:47"]
[BlackClock "0:00:01"]

1. d4 Nf6 2. c4 d6 3. Nc3 e5 4. dxe5 dxe5 5. Qxd8+ Kxd8 6. Nf3 Nbd7 7. Bg5 c6 8. O-O-O Kc7 9. e3 Bb4 10. Be2 Re8 11. Bh4 Nc5 12. Bg3 Bxc3 13. bxc3 Nfd7 14. Kb2 f6 15. Ka3 Nb6 16. Kb4 a5+ 17. Ka3 Be6 18. Nxe5 fxe5 19. Bxe5+ Kc8 20. Bd4 Ncd7 21. c5 Nc4+ 22. Bxc4 Bxc4 23. h4 Re7 24. h5 b6 25. h6 bxc5 26. Bxg7 Kc7 27. Rh5 Bd5 28. Rg5 Nb6 29. Kb2 Nc4+ 30. Ka1 Rb8 31. Bf6 Na3 32. Rc1 Re6 33. Be5+ Rxe5 34. Rxe5 Bxg2 35. e4 Rf8 36. Rf5 Rxf5 37. exf5 Bd5 38. Rg1 Kd6 39. Rg7 1-0


[Site "https://www.chess.com"]

[Event "Titled Tuesday Blitz February 28 Early 2023"]
[White "Ordekalog"]
[Black "Prieto Aranguren, Alain"]
[BlackFideId "2268906"]
[WhiteElo "2579"]
[BlackElo "2209"]
[Result "1-0"]
[Round "08"]
[TimeControl "180+2"]
[Date "2023.02.28"]
[WhiteClock "0:01:05"]
[BlackClock "0:01:17"]

1. d4 Nf6 2. c4 g6 3. Nc3 Bg7 4. Nf3 O-O 5. Bg5 c5 6. e3 cxd4 7. exd4 d5 8. Be2 Nc6 9. O-O dxc4 10. Bxc4 Bg4 11. d5 Ne5 12. Be2 Nxf3+ 13. Bxf3 Bxf3 14. Qxf3 Qb6 15. Rfe1 Rfe8 16. Rad1 Rac8 17. Re2 h6 18. Bh4 Rc4 19. Bxf6 Bxf6 20. Ne4 Bxb2 21. d6 Rc1 22. Rxc1 Bxc1 23. Nf6+ exf6 24. Rxe8+ Kg7 25. d7 Bd2 26. Qd1 1-0


[Site "https://www.chess.com"]

[Event "Titled Tuesday Blitz February 28 Early 2023"]
[White "Matinian, Nikita"]
[Black "Ezat, Mohamed"]
[WhiteFideId "24129100"]
[BlackFideId "10600906"]
[WhiteElo "2422"]
[BlackElo "2388"]
[Result "1/2-1/2"]
[Round "08"]
[TimeControl "180+2"]
[Date "2023.02.28"]
[WhiteClock "0:00:07"]
[BlackClock "0:01:07"]

1. e4 c6 2. d4 d5 3. e5 Bf5 4. Nf3 e6 5. Be2 Nd7 6. O-O h6 7. Nbd2 Ne7 8. Nb3 Ng6 9. a4 Be7 10. Ne1 Ngf8 11. a5 Bh7 12. c4 Ng6 13. f4 Nh4 14. a6 b6 15. cxd5 cxd5 16. Be3 O-O 17. Nc1 Rc8 18. Ncd3 Nb8 19. g3 Nf5 20. Bf2 Nc6 21. Nf3 Na5 22. g4 Nh4 23. Nxh4 Bxh4 24. f5 Bxf2+ 25. Rxf2 Qg5 26. Kh1 Nc4 27. Qc1 Qxc1+ 28. Rxc1 Ne3 29. Rg1 Rc2 30. Nb4 Rxb2 31. Nc6 exf5 32. gxf5 Bxf5 33. Ne7+ Kh8 34. Nxf5 Nxf5 35. Rxf5 Rxe2 36. Rc1 Kg8 37. Rc7 b5 38. Rxa7 Rc8 39. Raxf7 Rcc2 40. a7 Re1+ 41. Rf1 Rxf1+ 42. Rxf1 Ra2 43. Rb1 Rxa7 44. Rxb5 Rd7 45. Kg2 Kf7 46. Kf3 Ke6 47. Rb6+ Kf5 48. Rb5 Ke6 49. Kf4 Rf7+ 50. Kg4 Rf2 51. Rb6+ Ke7 52. Rb7+ Ke6 53. Rb6+ Ke7 54. h4 Rd2 55. Rb7+ Ke6 56. Rb6+ Ke7 57. Rb4 Ke6 58. Kh5 Kf5 59. Rb7 Rxd4 60. Rxg7 Kxe5 61. Rg6 Rf4 62. Rxh6 d4 63. Rh8 Rf5+ 64. Kg4 Rf6 65. Re8+ Kd5 66. Rd8+ Ke4 67. h5 d3 68. Kg5 Rf5+ 69. Kg6 Rd5 70. Rxd5 Kxd5 71. h6 d2 72. h7 d1=Q 73. h8=Q Qg4+ 74. Kf7 Qe6+ 75. Kf8 Qc8+ 76. Kg7 Qxh8+ 77. Kxh8 1/2-1/2


[Site "https://www.chess.com"]

[Event "Titled Tuesday Blitz February 28 Early 2023"]
[White "Omelja, Artem"]
[Black "Spata, German"]
[WhiteFideId "14119846"]
[BlackFideId "113026"]
[WhiteElo "2404"]
[BlackElo "2238"]
[Result "1/2-1/2"]
[Round "08"]
[TimeControl "180+2"]
[Date "2023.02.28"]
[WhiteClock "0:00:15"]
[BlackClock "0:00:18"]

1. e4 d5 2. exd5 Qxd5 3. Nc3 Qd8 4. Nf3 Nf6 5. d4 Bg4 6. Be2 e6 7. h3 Bh5 8. O-O Nbd7 9. Bg5 Be7 10. Qd2 c6 11. Rad1 O-O 12. Rfe1 Re8 13. Ne5 Bxe2 14. Rxe2 Nxe5 15. dxe5 Qxd2 16. Rexd2 Nd5 17. Bxe7 Rxe7 18. Ne4 f5 19. exf6 Nxf6 20. Rd8+ Rxd8 21. Rxd8+ Kf7 22. Nd6+ Kg6 23. c4 b6 24. b3 Rd7 25. Rxd7 Nxd7 26. f3 Kf6 27. Kf2 Ke5 28. Nc8 Kd4 29. Nxa7 c5 30. Nb5+ Kd3 31. Nc7 e5 32. Nd5 Kc2 33. Ke3 Kb2 34. Ke4 Kxa2 35. b4 cxb4 36. Nxb4+ Kb3 37. Nd5 Kxc4 38. Nxb6+ Nxb6 39. Kxe5 Nd5 40. Ke6 Nf4+ 41. Kf7 Nxg2 42. Kxg7 h5 43. Kg6 h4 44. f4 Nxf4+ 45. Kg5 Ng2 46. Kg4 Kd4 47. Kf3 Ne1+ 48. Kg4 Ng2 49. Kf3 Kd3 50. Kxg2 Ke2 51. Kh2 Kf2 52. Kh1 Kg3 53. Kg1 Kxh3 54. Kh1 Kg3 55. Kg1 Kg4 56. Kh1 Kh5 57. Kg1 Kg5 58. Kh1 Kg4 59. Kg1 h3 60. Kh1 Kh4 61. Kg1 Kg3 62. Kh1 h2 1/2-1/2


[Site "https://www.chess.com"]

[Event "Titled Tuesday Blitz February 28 Early 2023"]
[White "Ambartsumova, Karina"]
[Black "Valgmae, Toomas"]
[WhiteFideId "4166299"]
[BlackFideId "4502523"]
[WhiteElo "2319"]
[BlackElo "2170"]
[Result "0-1"]
[Round "08"]
[TimeControl "180+2"]
[Date "2023.02.28"]
[WhiteClock "0:00:09"]
[BlackClock "0:00:57"]

1. e4 d6 2. d4 Nf6 3. Nc3 g6 4. Bg5 c6 5. Qd2 b5 6. Bd3 Nbd7 7. f4 Nb6 8. Nf3 Bg7 9. O-O O-O 10. e5 Nfd5 11. Rae1 f6 12. Bh4 Bh6 13. Ne2 Nc4 14. Bxc4 bxc4 15. Bg3 Qb6 16. Nc3 dxe5 17. Nxd5 cxd5 18. c3 Rb8 19. Rf2 e4 20. Nh4 f5 21. Qe3 Qa5 22. a3 Rf6 23. Rfe2 Rfb6 24. Qf2 Qa6 25. Kh1 Qb7 26. Rb1 Rb3 27. Qe1 Rxa3 28. h3 Rb3 29. Bh2 a5 30. g4 e6 31. g5 Bg7 32. Ng2 a4 33. Ra1 Bd7 34. Ra2 Bf8 35. Bg1 a3 36. bxa3 Bxa3 37. Ne3 Bb2 38. Nd1 Ba3 39. Rec2 Bd6 40. Qg3 Rb1 41. Rd2 Qc7 42. Rf2 Rc1 43. Rad2 Rbb1 44. Ne3 Rxg1+ 45. Qxg1 Rxg1+ 46. Kxg1 Bxf4 0-1


[Site "https://www.chess.com"]

[Event "Titled Tuesday Blitz February 28 Early 2023"]
[White "Abdilkhair, Abilmansur"]
[Black "Fiorito, Joaquin"]
[WhiteFideId "13716417"]
[BlackFideId "180173"]
[WhiteElo "2216"]
[BlackElo "2157"]
[Result "0-1"]
[Round "08"]
[TimeControl "180+2"]
[Date "2023.02.28"]
[WhiteClock "0:00:10"]
[BlackClock "0:00:12"]

1. d4 Nf6 2. c4 e6 3. Nc3 Bb4 4. Qb3 c5 5. dxc5 Na6 6. a3 Bxc5 7. Nf3 O-O 8. Bg5 b6 9. e3 Bb7 10. Be2 Rc8 11. O-O Be7 12. Rad1 Nc5 13. Qa2 Nce4 14. Nxe4 Nxe4 15. Bf4 d6 16. h3 Qc7 17. Qa1 Bf6 18. Bd3 Rfd8 19. Qb1 Qc6 20. Qc2 g6 21. Nd4 Bxd4 22. Bxe4 Qxe4 23. Qxe4 Bxe4 24. Rxd4 d5 25. Rfd1 Re8 26. Be5 Bc2 27. R1d2 Bb3 28. cxd5 exd5 29. Bd6 Re6 30. Bb4 a5 31. Bc3 a4 32. Rb4 f6 33. Rb5 Kf7 34. Rd4 Bc4 35. Rh4 Bxb5 36. Rxh7+ Kg8 37. Rb7 Bc4 38. Kh2 b5 39. Kg3 Bd3 40. Rd7 Rec6 41. Rxd5 Rxc3 42. bxc3 Rxc3 43. h4 Rxa3 44. h5 gxh5 45. Rxh5 Bg6 46. Rxb5 Ra1 47. Kf4 a3 48. Ra5 Bf7 49. Kf5 Kg7 50. e4 a2 51. e5 fxe5 52. Ra7 Rf1 53. Kxe5 a1=Q+ 54. Rxa1 Rxa1 55. f3 Rg1 56. Kf4 Rxg2 57. Ke3 Bg6 58. Kf4 Kf6 59. Ke3 Ra2 60. f4 Ra3+ 61. Kd4 Kf5 62. Kd5 Kxf4 63. Ke6 Ra5 64. Kf6 Ra6+ 65. Kg7 Kg5 66. Kf8 Kf6 0-1


[Site "https://www.chess.com"]

[Event "Titled Tuesday Blitz February 28 Early 2023"]
[White "Derix, Bernhard"]
[Black "Mazurkiewicz, Michal"]
[WhiteFideId "4642368"]
[BlackFideId "1124943"]
[WhiteElo "2590"]
[BlackElo "2054"]
[Result "1-0"]
[Round "08"]
[TimeControl "180+2"]
[Date "2023.02.28"]
[WhiteClock "0:00:13"]
[BlackClock "0:00:06"]

1. Nf3 Nf6 2. g3 g6 3. Bg2 Bg7 4. O-O O-O 5. d4 d6 6. c4 c5 7. Nc3 cxd4 8. Nxd4 Qa5 9. Nb3 Qh5 10. e4 Bg4 11. f3 Bh3 12. Be3 Nc6 13. g4 Qh4 14. Bf2 Qh6 15. Qd2 Qxd2 16. Nxd2 Bxg2 17. Kxg2 Ne5 18. Rfd1 Nd3 19. Bd4 Nxg4 20. Bxg7 Ne3+ 21. Kg3 Kxg7 22. Rg1 Rac8 23. b3 a6 24. Nf1 Nxf1+ 25. Rgxf1 b5 26. Rad1 bxc4 27. bxc4 Nb2 28. Rb1 Nxc4 29. Rfd1 Rb8 30. Nd5 e6 31. Nc7 a5 32. Rbc1 Rb4 33. Rd4 Ne5 34. Rxd6 Rb2 35. f4 Rxa2 36. fxe5 Rb8 37. Rd3 Rbb2 38. Ne8+ Kh6 39. Nf6 Rg2+ 40. Kf3 Raf2+ 41. Ke3 Re2+ 42. Kf3 Rgf2+ 43. Kg3 Rg2+ 44. Kh4 Rxh2+ 45. Rh3 g5+ 46. Kg3+ Kg6 47. Rxh2 Re3+ 48. Kf2 Ra3 49. Rch1 h5 50. Rxh5 Ra2+ 51. Ke3 Ra3+ 52. Kf2 g4 53. Rh8 Kg5 54. Rg8+ Kf4 55. Rxg4+ Kxe5 56. Nd7+ Kd4 57. e5+ Kd5 58. Rd1+ Kc6 59. Rc4+ Kb5 60. Rc5+ Ka6 61. Rd6+ Kb7 62. Rb6+ Ka7 63. Rc7+ Ka8 64. Rb8# 1-0


[Site "https://www.chess.com"]

[Event "Titled Tuesday Blitz February 28 Early 2023"]
[White "Sernecki, Franciszek"]
[Black "Aldokhin, Ivan"]
[WhiteFideId "1169297"]
[BlackFideId "24115720"]
[WhiteElo "2210"]
[BlackElo "2322"]
[Result "0-1"]
[Round "08"]
[TimeControl "180+2"]
[Date "2023.02.28"]
[WhiteClock "0:01:35"]
[BlackClock "0:01:43"]

1. c4 Nf6 2. Nc3 g6 3. g3 Bg7 4. Bg2 e5 5. e4 O-O 6. Nge2 d6 7. O-O Nc6 8. d3 Be6 9. h3 Nd7 10. f4 f5 11. Be3 Nc5 12. fxe5 Nxe5 13. Nf4 Bd7 14. b3 g5 15. Bxc5 dxc5 16. Nfd5 c6 17. Ne3 f4 18. Ng4 Nxg4 19. hxg4 Bxc3 0-1


[Site "https://www.chess.com"]

[Event "Titled Tuesday Blitz February 28 Early 2023"]
[White "Grot, Blazej"]
[Black "Souleidis, Georgios"]
[WhiteFideId "21835845"]
[BlackFideId "4206827"]
[WhiteElo "1823"]
[BlackElo "2401"]
[Result "1/2-1/2"]
[Round "08"]
[TimeControl "180+2"]
[Date "2023.02.28"]
[WhiteClock "0:00:36"]
[BlackClock "0:00:20"]

1. e4 c5 2. Nf3 e6 3. d4 cxd4 4. Nxd4 Nf6 5. Nc3 Nc6 6. Ndb5 Bc5 7. Bf4 O-O 8. Bc7 Qe7 9. Bd6 Bxd6 10. Qxd6 Qd8 11. O-O-O a6 12. Nc7 Rb8 13. Be2 b5 14. e5 Ne8 15. Nxe8 Rxe8 16. h4 Qe7 17. f4 Qxd6 18. Rxd6 Ne7 19. a3 Bb7 20. Bf3 Bxf3 21. gxf3 Rb7 22. Rhd1 Nf5 23. Rxa6 Nxh4 24. Rad6 Nxf3 25. Rxd7 Rxd7 26. Rxd7 g5 27. Ne4 Rf8 28. Nxg5 Nxg5 29. fxg5 Kg7 30. b4 Kg6 31. Kb2 Kxg5 32. c4 bxc4 33. a4 h5 34. a5 Rb8 35. Kc3 h4 36. Rxf7 h3 37. Rg7+ Kf4 38. Rh7 Kg3 39. Rg7+ Kf2 40. Rh7 Kg2 41. Rg7+ Kf2 42. Rh7 Kg2 43. Rg7+ Kf2 1/2-1/2


[Site "https://www.chess.com"]

[Event "Titled Tuesday Blitz February 28 Early 2023"]
[White "Karttunen, Mika"]
[Black "Fiedorek, Michal"]
[WhiteFideId "502081"]
[BlackFideId "1199528"]
[WhiteElo "2396"]
[BlackElo "2135"]
[Result "0-1"]
[Round "08"]
[TimeControl "180+2"]
[Date "2023.02.28"]
[WhiteClock "0:00:01"]
[BlackClock "0:00:15"]

1. d4 d5 2. c4 e6 3. Nc3 Nf6 4. cxd5 exd5 5. Bg5 Be7 6. e3 O-O 7. Bd3 c6 8. Qc2 h6 9. Bh4 a5 10. Nge2 b5 11. O-O Nbd7 12. a4 b4 13. Nb1 c5 14. dxc5 Bxc5 15. Nd2 Ba6 16. Nb3 Bd6 17. Bxa6 Rxa6 18. Qf5 g6 19. Qf3 Bb8 20. Ned4 Ne5 21. Qe2 Nc4 22. Bg3 Bxg3 23. hxg3 Ne4 24. Rac1 Qe8 25. Rfd1 Qxa4 26. Ra1 Qe8 27. Nf3 Qa8 28. Nbd2 Ncxd2 29. Nxd2 Nxd2 30. Qxd2 Rd8 31. Qd4 b3 32. Rd3 a4 33. e4 a3 34. bxa3 Rxa3 35. Rxa3 Qxa3 36. exd5 Qc1+ 37. Kh2 b2 38. Qf6 Rc8 39. Rf3 Rf8 0-1


[Site "https://www.chess.com"]

[Event "Titled Tuesday Blitz February 28 Early 2023"]
[White "benny_aizenberg"]
[Black "Chernomordik, Pavel"]
[BlackFideId "2804530"]
[WhiteElo "2571"]
[BlackElo "2193"]
[Result "1-0"]
[Round "08"]
[TimeControl "180+2"]
[Date "2023.02.28"]
[WhiteClock "0:00:10"]
[BlackClock "0:00:05"]

1. e4 g6 2. d4 Bg7 3. Nc3 d6 4. f4 a6 5. Nf3 b5 6. Bd3 Nd7 7. e5 c5 8. Ne4 cxd4 9. exd6 Ngf6 10. O-O O-O 11. Re1 Bb7 12. Nxf6+ exf6 13. f5 Nc5 14. Bf4 Re8 15. Rxe8+ Qxe8 16. Bf1 g5 17. Qxd4 Qc6 18. Be3 Nd7 19. c3 Bf8 20. Rd1 Re8 21. Bf2 Re4 22. Qd2 g4 23. Nd4 Qxd6 24. Nxb5 Qxd2 25. Rxd2 Ne5 26. Nd6 Bxd6 27. Rxd6 Kg7 28. Bd4 Bc8 29. Bxa6 Bxf5 30. a4 Re1+ 31. Kf2 Rb1 32. c4 1-0


[Site "https://www.chess.com"]

[Event "Titled Tuesday Blitz February 28 Early 2023"]
[White "Stijve, Theo"]
[Black "Rian, Kapriaga"]
[WhiteFideId "1331132"]
[BlackFideId "7103263"]
[WhiteElo "2256"]
[BlackElo "2390"]
[Result "1-0"]
[Round "08"]
[TimeControl "180+2"]
[Date "2023.02.28"]
[WhiteClock "0:00:15"]
[BlackClock "0:00:03"]

1. e4 c6 2. d4 d5 3. e5 Bf5 4. h4 h5 5. Bd3 Bxd3 6. Qxd3 e6 7. Bg5 Qb6 8. Nd2 c5 9. c4 Qxb2 10. Rd1 Qxd4 11. Qb3 Qxe5+ 12. Ne2 Nd7 13. Nf3 Qe4 14. cxd5 exd5 15. O-O Be7 16. Ng3 Qc4 17. Qxb7 Rb8 18. Qxa7 Bxg5 19. Nxg5 Ngf6 20. Rfe1+ Kf8 21. Nf5 g6 22. Nd6 Qxh4 23. Ngxf7 Rh7 24. Ne5 Kg8 25. Nxg6 Qg5 26. Ne7+ Kh8 27. Ndf5 Rf8 28. Rxd5 Nxd5 29. Qxd7 Nf6 30. Qe6 Ng4 31. Ng6+ Qxg6 32. Qxg6 Rg8 33. Qc6 Rf7 34. Qxc5 Rgf8 35. Qc3+ Kh7 36. Ng3 Rxf2 37. Ne4 R2f7 38. Ng5+ Kg6 39. Nxf7 Rxf7 40. Rf1 Rg7 41. Qc6+ Kh7 42. Qe4+ Rg6 43. Rf7+ Kh6 44. a4 1-0


[Site "https://www.chess.com"]

[Event "Titled Tuesday Blitz February 28 Early 2023"]
[White "Fiorito, Francisco"]
[Black "Castellanos Villela, Alejandro"]
[WhiteFideId "180165"]
[BlackFideId "3446379"]
[WhiteElo "2341"]
[BlackElo "2102"]
[Result "1-0"]
[Round "08"]
[TimeControl "180+2"]
[Date "2023.02.28"]
[WhiteClock "0:02:54"]
[BlackClock "0:01:42"]

1. d4 Nf6 2. Nc3 d5 3. Bf4 a6 4. e3 b5 5. Nf3 e6 6. Bd3 c5 7. dxc5 Bxc5 8. O-O Bb7 9. Qe2 O-O 10. e4 b4 11. e5 bxc3 12. exf6 Qxf6 13. Bg5 cxb2 14. Bxf6 bxa1=Q 15. Bxa1 Nc6 16. Ng5 g6 17. Qh5 1-0


[Site "https://www.chess.com"]